 Dungeon Crawl Stone Soup version 0.21.1-1-g345015fe64 (webtiles) character file.

2452 Henning the Blocker (level 9, -2/55 HPs)
             Began as a Gargoyle Fighter on July 18, 2018.
             Was an Initiate of Trog.
             Slain by a two-headed ogre
             ... wielding a +0 giant club
              (5 damage)
             ... on level 7 of the Dungeon.
             The game lasted 00:23:47 (6929 turns).

Henning the Blocker (Gargoyle Fighter)              Turns: 6929, Time: 00:23:47

Health: -2/55      AC: 21    Str: 22    XL:     9   Next: 50%
Magic:  9/9        EV:  5    Int:  9    God:    Trog [......]
Gold:   439        SH: 11    Dex: 10    Spells: 8/8 levels left

rFire    . . .     SeeInvis .   a - +0 flail
rCold    . . .     Gourm    .   c - +0 shield
rNeg     + . .     Faith    .   e - +0 plate armour
rPois    ∞         Spirit   .   v - +0 helmet
rElec    +         Reflect  .   (no cloak)
rCorr    .         Harm     .   (no gloves)
MR       .....                  (no boots)
Stlth    ..........             (no amulet)
HPRegen  0.18/turn              (no ring)
MPRegen  0.11/turn              (no ring)

@: no status effects
A: negative energy resistance 1, electricity resistance, unbreathing,
petrification resistance, rot immunity, AC +6
a: Burn Spellbooks, Renounce Religion


You were on level 7 of the Dungeon.
You worshipped Trog.
Trog was noncommittal.
You were not hungry.

You visited 2 branches of the dungeon, and saw 9 of its levels.

You collected 439 gold pieces.

Inventory:

Hand Weapons
 a - a +0 flail (weapon)
Armour
 b - a +0 scale mail
 c - a +0 shield (worn)
 e - a +0 plate armour (worn)
 v - a +0 helmet (worn)
Wands
 u - a wand of random effects (25)
Scrolls
 g - 2 scrolls of remove curse {unknown}
 k - 2 scrolls of enchant armour {unknown}
 l - a scroll of teleportation {unknown}
 p - 2 scrolls of amnesia {unknown}
 r - 4 scrolls of identify {unknown}
 x - a scroll of blinking {unknown}
Potions
 d - a potion of heal wounds {unknown}
 h - a potion of lignification {unknown}
 i - a potion of berserk rage {unknown}
 j - a potion of magic {unknown}
 m - 3 potions of mutation {unknown}
 n - 3 potions of brilliance {unknown}
 o - 4 potions of curing {unknown}
 q - 3 potions of degeneration {unknown}
 s - 4 potions of resistance
 t - a potion of ambrosia {unknown}
 w - a potion of haste {unknown}
Comestibles
 f - 12 rations


   Skills:
 + Level 6.1 Fighting
 * Level 6.8 Maces & Flails
 * Level 8.0 Armour
 - Level 1.1 Dodging
 * Level 8.0 Shields


You had 8 spell levels left.
You didn't know any spells.

Dungeon Overview and Level Annotations

Branches:
Dungeon (8/15)             Temple (1/1) D:7
   Lair: D:8-11

Altars:
Ashenzari
Cheibriados
Dithmenos
Elyvilon
Fedhas
Gozag
Hepliaklqana
Kikubaaqudgha
Makhleb
Nemelex Xobeh
Okawaru
Qazlal
Sif Muna
Trog
Uskayaw
Vehumet
Xom
Yredelemnul
Zin
The Shining One

Shops:
D:7 *


Innate Abilities, Weirdness & Mutations

You are resistant to torment.
Your stone body is resilient. (AC +6)
You are immune to poison.
You resist negative energy. (rN+)
You are resistant to electric shocks. (rElec)
You can survive without breathing.
You are immune to petrification.
You are immune to rotting.


Message History

The two-headed ogre is lightly wounded.
The two-headed ogre hits you with a giant club.
* * * LOW HITPOINT WARNING * * *
The two-headed ogre hits you with a giant club!
* * * LOW HITPOINT WARNING * * *
Your plate armour prevents you from hitting the two-headed ogre.
The two-headed ogre is lightly wounded.
The two-headed ogre hits you but does no damage.
The two-headed ogre hits you with a giant club!
* * * LOW HITPOINT WARNING * * *
You sock the two-headed ogre!
The two-headed ogre is moderately wounded.
You block the two-headed ogre's attack.
The two-headed ogre hits you but does no damage.
You thump the two-headed ogre!
The two-headed ogre is moderately wounded.
You hit the two-headed ogre but do no damage.
The two-headed ogre is moderately wounded.
The two-headed ogre hits you with a giant club.
You die...

# #.....#
###.....####
.##........#
.##.....##.##
.##.........#
........)...#
........._..#
...........(######
...............O@#
.).........#######
...........######
................#
..........^.....#
....##..........#
....##..........#
....##..........#
....##.......)..#


You could see a two-headed ogre.

Vanquished Creatures
  Joseph (D:7)
  A water moccasin (D:6)
  Duvessa (D:4)
  3 ice beasts
  A phantom (D:7)
  2 ogres
  2 centaurs
  6 bullfrogs
  Dowan (D:4)
  A bullfrog zombie (D:6)
  A centaur zombie (D:5)
  8 hounds
  2 bullfrog skeletons
  2 orc wizards
  3 worker ants
  Natasha (thrice) (D:4)
  An iguana (D:7)
  4 gnolls (D:4)
  5 adders
  3 shadow imps
  3 worms
  5 dart slugs
  13 leopard geckos
  13 orcs
  8 bats
  3 giant cockroaches
  8 hobgoblins
  7 jackals
  4 kobolds
  2 quokkas
  A ball python (D:3)
  A ball python skeleton (D:4)
  4 frilled lizards
  8 goblins
  7 rats
138 creatures vanquished.

Vanquished Creatures (others)
  Pikel (D:8)
1 creature vanquished.

Grand Total: 139 creatures vanquished

Notes
Turn   | Place    | Note
-------+----------+-------------------------------------------
     0 | D:1      | Henning the Gargoyle Fighter began the quest for the Orb.
     0 | D:1      | Reached XP level 1. HP: 14/14 MP: 1/1
   160 | D:1      | Reached XP level 2. HP: 13/19 MP: 2/2
   580 | D:1      | Reached XP level 3. HP: 23/23 MP: 3/3
  1206 | D:2      | Reached skill level 1 in Dodging
  1708 | D:3      | Reached XP level 4. HP: 29/29 MP: 4/4
  1941 | D:3      | Reached XP level 5. HP: 19/33 MP: 5/5
  1987 | D:3      | Found a sparkling altar of Nemelex Xobeh.
  2152 | D:3      | Noticed a centaur
  2167 | D:3      | Killed a centaur
  2167 | D:3      | Reached XP level 6. HP: 29/38 MP: 6/6
  2437 | D:3      | Found a shimmering altar of Xom.
  2445 | D:3      | You fall through a shaft!
  2516 | D:4      | Noticed Dowan
  2518 | D:4      | Noticed Duvessa
  2538 | D:4      | Killed Duvessa
  2538 | D:4      | Reached skill level 5 in Shields
  2866 | D:4      | Killed Dowan
  2866 | D:4      | Reached skill level 5 in Armour
  3425 | D:4      | Reached XP level 7. HP: 16/44 MP: 7/7
  3781 | D:4      | Noticed Natasha
  3793 | D:4      | Killed Natasha
  3828 | D:4      | Noticed Natasha
  3835 | D:4      | Killed Natasha
  3843 | D:4      | Noticed Natasha
  3857 | D:4      | Killed Natasha
  4039 | D:5      | Entered Level 5 of the Dungeon
  4495 | D:5      | Found a glowing silver altar of Zin.
  4899 | D:6      | Reached skill level 5 in Fighting
  4899 | D:6      | Reached XP level 8. HP: 39/49 MP: 8/8
  4916 | D:6      | Reached skill level 5 in Maces & Flails
  5489 | D:7      | Noticed Joseph
  5893 | D:7      | Killed Joseph
  5893 | D:7      | Reached XP level 9. HP: 19/55 MP: 9/9
  5902 | D:7      | Found a staircase to the Ecumenical Temple.
  5934 | Temple   | Entered the Ecumenical Temple
  5995 | Temple   | Became a worshipper of Trog the Wrathful
  6143 | D:7      | Found Palucronk's General Store.
  6741 | D:7      | Found a bloodstained altar of Trog.
  6846 | D:8      | Noticed a two-headed ogre
  6846 | D:8      | Killed Pikel
  6848 | D:8      | Noticed an elephant
  6926 | D:7      | HP: 2/55 [two-headed ogre/giant club (7)]
  6929 | D:7      | Slain by a two-headed ogre

Skill      XL: |  1  2  3  4  5  6  7  8  9 |
---------------+----------------------------+-----
Dodging        | 1 |  1.1
Shields        | 4 5 6 7 8 |  8.0
Maces & Flails | 3 4 6 |  6.8
Armour         | 4 5 6 7 8 |  8.0
Fighting       | 4 5 6 |  6.1

Action                   |  1- 3 |  4- 6 |  7- 9 || total
-------------------------+-------+-------+-------++-------
Melee: Flail             |   189 |   269 |   439 ||   897
       Unarmed           |       |       |     1 ||     1
  Use: Potion            |       |       |     1 ||     1
  Eat: Chunk             |     2 |     7 |    12 ||    21
Armor: Plate armour      |   141 |   200 |   315 ||   656
Dodge: Dodged            |    27 |    49 |    77 ||   153
Block: Shield            |   102 |   156 |   236 ||   494
